 Dungeon Crawl Stone Soup version 0.29.1-4-g47bece8355 (webtiles) character file.

Game seed: 18424749033477842604

88 boopmooplesden the Trooper (level 4, -10/41 HPs)
             Began as a Minotaur Berserker on Dec 7, 2022.
             Was a Believer of Trog.
             Mangled by Sigmund
             ... wielding a +0 scythe
              (16 damage)
             ... on level 3 of the Dungeon.
             The game lasted 00:02:04 (2125 turns).

boopmooplesden the Trooper (Minotaur Berserker)     Turns: 2125, Time: 00:02:05

Health: -10/41     AC:  3    Str: 23    XL:     4   Next: 30%
Magic:  3/3        EV: 12    Int:  4    God:    Trog [**....]
Gold:   108        SH:  0    Dex: 10    Spells: 3/3 levels left

rFire   . . .      SeeInvis .   a - +1 hand axe
rCold   . . .      Faith    .   (no shield)
rNeg    . . .      Spirit   .   b - +0 animal skin
rPois   .          Reflect  .   (helmet restricted)
rElec   .          Harm     .   c - +0 cloak
rCorr   .          Rampage  .   (no gloves)
Will    .....                   (no boots)
Stlth   +.........              (no amulet)
HPRegen 0.13/turn               (no ring)
MPRegen 0.08/turn               (no ring)

@: no status effects
A: horns 2, retaliatory headbutt
a: Renounce Religion, Berserk, Trog's Hand


You were on level 3 of the Dungeon.
You worshipped Trog.
Trog was pleased with you.
You visited 1 branch of the dungeon, and saw 3 of its levels.

You collected 108 gold pieces.

Inventory:

Hand Weapons
 a - a +1 hand axe (weapon)
Armour
 b - a +0 animal skin (worn)
 c - a +0 cloak (worn)
Scrolls
 k - 2 scrolls of teleportation {unknown}
Potions
 d - 2 potions of attraction
 e - 2 potions of heal wounds
 f - 2 potions of curing
 g - a potion of invisibility
 h - 2 potions of magic
 i - a potion of berserk rage {unknown}
 j - a potion of ambrosia {unknown}


   Skills:
 + Level 4.9 Fighting
 + Level 4.8 Axes
 + Level 2.6 Armour
 + Level 2.6 Dodging
 + Level 0.3 Stealth


You had 3 spell levels left.
You didn't know any spells.
Your spell library was empty.

Dungeon Overview and Level Annotations

Branches:
Dungeon (3/15)

Altars:

Annotations:
D:3 Sigmund


Innate Abilities, Weirdness & Mutations

You have a pair of horns on your head.
You reflexively headbutt those who attack you in melee.


Message History

You hit the ball python.
You kill the ball python!
Trog accepts your kill.
The hobgoblin throws a stone.
The stone hits you.
Found a scroll labelled LAKUCLASTRI.
Found a stone staircase leading down.
The hobgoblin throws a stone.
The stone hits you.
A rat comes into view.
The hobgoblin hits you with a +0 club.
You slash the hobgoblin!
You kill the hobgoblin!
Trog accepts your kill.
Items here: $ ( ) ? †.
You hit the rat.
You kill the rat!
Trog accepts your kill.
k - a scroll labelled LAKUCLASTRI You now have 108 gold pieces (gained 14).
Things that are here:
a +0 club; 7 stones; a hobgoblin corpse
k - 2 scrolls labelled LAKUCLASTRI (gained 1)
There is a stone staircase leading down here.
Sigmund the Dreaded comes into view.
He is wielding a +0 scythe.
Found 11 gold pieces.
Sigmund shouts!
Sigmund is nearby!
Sigmund is nearby!
Sigmund mumbles some strange words.
Sigmund flickers and vanishes!
Deactivating autopickup; reactivate with Ctrl-A.
Something hits you but does no damage.
You see here 11 gold pieces.
Something hits you!
There are no items here.
You barely miss something. You closely miss something. Something hits you!
You hit something. Your headbutt misses something. You miss something.
Something hits you!
* * * LOW HITPOINT WARNING * * *
You hit something. Your headbutt misses something. Something hits you!
You die...

#.#.#.###.#.##....##.#
#.#>#.# #.#....#####.#
#.#.#.# #.####.# #.#
#.....###.####.#####.#
#..#..##......†...†..#
#.....##..####.####..#
#..##.##..# #.# #..#
#.........####.# #..#
##.##...$@{...[# #..#
#.#####.#####.# #..#
#.# #.# ... ...# #..
... ..## ####


There were no monsters in sight!

Vanquished Creatures
  3 gnolls (D:2)
  2 adders
  A worm (D:2)
  A dart slug (D:1)
  3 ball pythons
  7 bats
  An endoplasm (D:1)
  2 giant cockroaches (D:1)
  3 goblins
  4 hobgoblins
  3 quokkas
  2 kobolds (D:2)
  5 rats
37 creatures vanquished.

Notes
Turn   | Place    | Note
-------+----------+-------------------------------------------
     0 | D:1      | boopmooplesden the Minotaur Berserker began the quest for
                  | the Orb.
     0 | D:1      | Reached XP level 1. HP: 19/19 MP: 0/0
   326 | D:1      | Reached XP level 2. HP: 27/27 MP: 1/1
   632 | D:1      | You fall into a shaft and drop 1 floor!
  1169 | D:2      | Reached XP level 3. HP: 29/33 MP: 2/2
  1482 | D:2      | Identified the +4 ring mail of Jemesm {rPois rF+ Str-4
                  | SInv}
  1535 | D:2      | Reached XP level 4. HP: 37/41 MP: 3/3
  1827 | D:3      | Reached ** piety under Trog
  2116 | D:3      | Noticed Sigmund
  2125 | D:3      | Mangled by Sigmund

Illustrated notes

Levels and vault maps discovered:
D:1:      dpeg_arrival_more_subterranean_lakeside_camping, layout_basic
D:2:      layout_loops_corners, kennysheep_cross_room
D:3:      layout_loops_ring, ebering_ecumenical_altar_abandoned, uniq_sigmund

Skill      XL: |  1  2 |
---------------+-------+-----
Fighting       | 4 |  4.9
Axes           | 4 |  4.8
Armour         | |  2.6
Dodging        | |  2.6
Stealth        | |  0.3

Action                   |  1- 3 |  4- 6 || total
-------------------------+-------+-------++-------
Melee: Hand axe          |    43 |    19 ||    62
       Headbutt          |     4 |     3 ||     7
Invok: Berserk           |     1 |       ||     1
  Use: Scroll            |     2 |     6 ||     8
Armor: Animal skin       |    19 |     4 ||    23
Dodge: Dodged            |    30 |     7 ||    37
